 Dungeon Crawl Stone Soup version 0.20.1-1-g8b1a95d (webtiles) character file.

166 McKennaii the Gusty (level 5, -5/28 HPs)
             Began as a Tengu Air Elementalist on Sept 3, 2017.
             Killed from afar by Sigmund (8 damage)
             ... with a magic dart
             ... on level 4 of the Dungeon.
             The game lasted 00:05:28 (2923 turns).

McKennaii the Gusty (Tengu Air Elementalist)        Turns: 2923, Time: 00:05:29

Health: -5/28      AC:  4    Str:  9    XL:     5   Next: 47%
Magic:  2/10       EV: 13    Int: 16    God:
Gold:   230        SH:  0    Dex: 14    Spells: 9/10 levels left

rFire    . . .     SeeInvis .   (no weapon)
rCold    . . .     Gourm    .   (no shield)
rNeg     + . .     Faith    .   a - +0 robe
rPois    .         Spirit   .   (helmet restricted)
rElec    .         Reflect  .   (no cloak)
rCorr    .         Harm     .   g - +1 pair of gloves
MR       .....                  (boots unavailable)
Stlth    ++........             (no amulet)
Regen    0.1/turn               k - ring of positive energy
MPRegen  0.2/turn               (no ring)

@: no status effects
A: beak, talons 3, able to fly 1
a: Fly


You were on level 4 of the Dungeon.
You were not hungry.

You visited 1 branch of the dungeon, and saw 4 of its levels.

You collected 230 gold pieces.

Inventory:

Armour
 a - a +0 robe (worn)
 g - a +1 pair of gloves (worn)
Jewellery
 k - a ring of positive energy (left hand)
Wands
 s - a wand of confusion (28/48)
Scrolls
 d - 5 scrolls of identify
 e - 2 scrolls of amnesia
 j - a scroll of enchant armour
 l - 4 scrolls of remove curse
 o - 2 scrolls of recharging {unknown}
 p - a scroll of fear {unknown}
 q - a scroll of enchant weapon {unknown}
Potions
 f - 2 potions of lignification
 i - a potion of flight {unknown}
 n - a potion of cancellation {unknown}
 r - a potion of mutation {unknown}
Books
 b - a book of Air

   Spells                             Type                      Level
   a - Shock                          Conjuration/Air              1
   b - Swiftness                      Charms/Air                   2
   c - Static Discharge               Conjuration/Air              3
   d - Airstrike                      Air                          4
   e - Lightning Bolt                 Conjuration/Air              5
Comestibles
 c - 2 bread rations
 h - 12 chunks of flesh
 t - a royal jelly


   Skills:
 + Level 2.4 Dodging
 + Level 2.5 Stealth
 + Level 0.7 Unarmed Combat
 + Level 3.3 Spellcasting
 + Level 3.0 Conjurations
 + Level 5.5 Air Magic


You had 9 spell levels left.
You knew the following spells:

 Your Spells              Type           Power        Failure   Level  Hunger
a - Shock                 Conj/Air       ###.         3%          1    None


Dungeon Overview and Level Annotations

Branches:
Dungeon (4/15)
 Temple: D:4-7

Altars:
Ashenzari

Annotations:
D:4 Sigmund


Innate Abilities, Weirdness & Mutations

You have a beak for a mouth.
You have claws for feet.
You can fly.


Message History

Casting: Shock
Confirm with . or Enter, or press ? or * to list all spells.
Aiming: Shock
Press: ? - help, Shift-Dir - straight line The zap misses Sigmund. x2
Sigmund points at you and mumbles some strange words.
You resist with some effort.
Casting: Shock
Confirm with . or Enter, or press ? or * to list all spells.
Aiming: Shock
Press: ? - help, Shift-Dir - straight line The zap hits Sigmund.
Sigmund is severely wounded.
The zap hits Sigmund.
Sigmund is almost dead.
Sigmund casts a spell at you. The puff of flame misses you.
Sigmund gestures at you while chanting. The magic dart hits you!
You die...

#.. #... #... #...(
####### #....
#....###.....<. #....
#....@......# #.... ##...#
#.... #.@### .. #... #.##
#..##.. ####.# #.....
#####....# #####.
...).....# #.>...
......(..############.....
.......)(................#
.........................#
######..................##


You could see Sigmund.

Vanquished Creatures
  An orc priest (D:4)
  An iguana (D:4)
  3 adders
  2 oozes
  4 worms
  A dart slug (D:2)
  4 leopard geckos
  5 orcs
  2 giant cockroaches
  5 goblins
  4 hobgoblins
  3 jackals (D:1)
  7 kobolds
  2 quokkas
  3 ball pythons
  4 bats
  3 frilled lizards
  2 rats (D:2)
56 creatures vanquished.

Notes
Turn   | Place    | Note
-------+----------+-------------------------------------------
     0 | D:1      | McKennaii the Tengu Air Elementalist began the quest for the Orb.
     0 | D:1      | Reached XP level 1. HP: 10/10 MP: 4/4
   202 | D:1      | Reached XP level 2. HP: 15/15 MP: 1/6
   329 | D:1      | Found a shattered altar of Ashenzari.
   902 | D:2      | Reached XP level 3. HP: 19/19 MP: 0/7
  1334 | D:2      | Reached skill level 5 in Air Magic
  1431 | D:2      | Reached XP level 4. HP: 24/24 MP: 7/9
  1998 | D:3      | Noticed a sky beast
  2707 | D:4      | HP: 1/36 [iguana (7)]
  2712 | D:4      | Gained mutation: You can fly. [Tengu growth]
  2712 | D:4      | Reached XP level 5. HP: 19/28 MP: 2/10
  2913 | D:4      | Noticed Sigmund
  2923 | D:4      | Killed from afar by Sigmund

Skill      XL: |  1  2  3  4  5 |
---------------+----------------+-----
Conjurations   | 2 3 |  3.0
Air Magic      | 5 |  5.5
Spellcasting   | 3 |  3.3
Dodging        | |  2.4
Stealth        | |  2.5
Unarmed Combat | |  0.7

Action                   |  1- 3 |  4- 6 || total
-------------------------+-------+-------++-------
Melee: Unarmed           |    23 |    17 ||    40
       Peck              |     6 |       ||     6
       Kick              |     2 |       ||     2
 Cast: Shock             |    70 |    70 ||   140
  Use: Scroll            |       |     4 ||     4
       Potion            |       |     3 ||     3
  Eat: Chunk             |     1 |     6 ||     7
Armor: Robe              |     1 |     1 ||     2
       Skin              |       |    10 ||    10
Dodge: Dodged            |    23 |    13 ||    36
